 Dungeon Crawl Stone Soup version 0.31-a0-1-g4198be8af4 (webtiles) character file.

Game seed: 4672940957662898384

553 jasper the Gusty (level 7, -6/46 HPs)
             Began as a Demonspawn Air Elementalist on May 1, 2023.
             Mangled by Pikel
             ... wielding a +2 whip of electrocution
              (11 damage)
             ... on level 4 of the Dungeon.
             The game lasted 00:05:44 (4624 turns).

jasper the Gusty (Demonspawn Air Elementalist)      Turns: 4624, Time: 00:05:44

Health: -6/46      AC:  6    Str:  8    XL:     7   Next: 8%
Magic:  1/10       EV: 12    Int: 18    God:
Gold:   297        SH:  0    Dex: 14    Spells: 4/10 levels left

rFire   . . .        g - +8 rapier of the Fox {heavy, Stlth+}
rCold   . . .        (no shield)
rNeg    . . .        a - +0 robe
rPois   .            (no helmet)
rElec   .            h - +0 cloak
rCorr   .            (no gloves)
SInv    .            q - +0 pair of boots
Will    .....        j - amulet of regeneration
Stlth   +++          (no ring)
HPRegen 1.07/turn    (no ring)
MPRegen 0.12/turn

%: no passive effects
@: no status effects
A: hooves 1, icy blue scales 1, demonic guardian 1, ignite blood 1
a: no special abilities


You were on level 4 of the Dungeon.
You visited 1 branch of the dungeon, and saw 4 of its levels.

You collected 297 gold pieces.

Inventory:

Hand Weapons
 c - a +0 club
 e - a +0 heavy spear
 g - the +8 rapier of the Fox (weapon) {heavy, Stlth+}
   (You found it on level 3 of the Dungeon)

   Stlth:     It makes you more stealthy.
 n - a +1 spectral club
Armour
 a - a +0 robe (worn)
 h - a +0 cloak (worn)
 q - a +0 pair of boots (worn)
Jewellery
 j - an amulet of regeneration (around neck)
 m - an amulet of the acrobat
 p - a ring of wizardry
Scrolls
 d - 2 scrolls of noise
 i - 2 scrolls of enchant weapon
 s - a scroll of brand weapon
Potions
 b - a potion of magic
 f - a potion of cancellation
 k - 2 potions of attraction {unknown}
 l - a potion of invisibility {unknown}
 o - a potion of heal wounds {unknown}
 r - 3 potions of curing {unknown}


   Skills:
 - Level 1.7 Dodging
 - Level 1.7 Stealth
 - Level 2.0 Spellcasting
 - Level 5.1 Conjurations
 + Level 5.7 Air Magic


You had 4 spell levels left.
You knew the following spells:

 Your Spells              Type           Power      Damage    Failure   Level
a - Shock                 Conj/Air       84%        1d8       1%          1
b - Static Discharge      Conj/Air       42%        2-4/arc   3%          2
c - Swiftness             Air            22%        N/A       4%          3

Your spell library contained the following spells:

 Spells                   Type           Power      Damage    Failure   Level
 Airstrike                Air            11%        2d(2-18)  17%         4
 Freeze                   Ice            4%         1d3       19%         1
 Hailstorm                Conj/Ice       11%        3d5       19%         3
 Frozen Ramparts          Ice            2%         1d1       47%         3
 Ozocubu's Armour         Ice            1%         N/A       47%         3
 Ozocubu's Refrigeration  Ice            0%         4d7       100%        7


Dungeon Overview and Level Annotations

Branches:
Dungeon (4/15)
 Temple: D:4-7

Altars:
Dithmenos

Annotations:
D:4 Pikel


Innate Abilities, Weirdness & Mutations

You have large cloven feet.
You are partially covered in icy blue scales. (AC +2)
A weak demonic guardian rushes to your aid.
Your demonic aura sometimes causes spilled blood to erupt in flames.


Message History

The lemure is struck by an arc of lightning.
The lemure is severely wounded.
The lightning grounds out.
Pikel hits you with a +2 whip of electrocution!
You are electrocuted!!
* * * LOW HITPOINT WARNING * * *
You take 33 damage, and have 13/46 hp.
MASSIVE DAMAGE!!
You now have 3/10 mp.
Okay, then.
Unknown command.
Okay, then.
It was a potion of cancellation.
You feel magically purged.
Casting: Static Discharge (safe; 3% risk of failure)
Confirm with . or Enter, or press ? or * to list all spells.
Pikel is struck by an arc of lightning.
Pikel is heavily wounded.
You are struck by an arc of lightning.
Pikel is struck by an arc of lightning.
Pikel is severely wounded.
The lemure is struck by an arc of lightning.
The lemure is almost dead.
The lightning grounds out.
Pikel hits you but does no damage.
You are electrocuted!!
* * * LOW HITPOINT WARNING * * *
A demonic guardian appears!
You take 20 damage, and have 4/46 hp.
MASSIVE DAMAGE!!
You now have 2/10 mp.
Casting: Static Discharge (safe; 3% risk of failure)
Confirm with . or Enter, or press ? or * to list all spells.
Really attack your white imp?
Okay, then.
Unknown command.
Casting: Static Discharge (safe; 3% risk of failure)
Confirm with . or Enter, or press ? or * to list all spells.
Aiming: Shock (safe; 1% risk of failure)
Press: ? - help, Shift-Dir - straight line, f - Pikel
Aim: Pikel, wielding a +2 whip of electrocution and wearing a +0 robe (severely wounded, 67% to hit)
The zap hits Pikel.
Pikel is severely wounded.
The zap hits the lemure.
The lemure is moderately wounded.
Pikel hits you with a +2 whip of electrocution!
You die...

##.##...'#####....#
#55##....# ######
#...5###.5..#
##..## #.5..# ##.
#....# #. ##.5.# ..
#..5# .. #.K5# ..#
##@## ###


You could see Pikel, 4 lemures and a friendly white imp (summoned).

Vanquished Creatures
  An ogre (D:4)
  2 scorpions
  A hound (D:4)
  An orc priest (D:4)
  Jessica (D:2)
  Natasha (twice) (D:2)
  2 orc wizards (D:4)
  4 adders
  4 worms
  A dart slug (D:2)
  3 orcs
  5 ball pythons
  5 endoplasms
  4 giant cockroaches
  9 goblins
  10 hobgoblins
  2 jackals (D:3)
  4 quokkas
  6 bats
  2 frilled lizards
  2 kobolds
  8 rats
79 creatures vanquished.

Vanquished Creatures (collateral kills)
  Natasha (D:2)
  A hobgoblin (D:1)
2 creatures vanquished.

Grand Total: 81 creatures vanquished

Notes
Turn   | Place    | Note
-------+----------+-------------------------------------------
     0 | D:1      | jasper the Demonspawn Air Elementalist began the quest for
                  | the Orb.
     0 | D:1      | Reached XP level 1. HP: 13/13 MP: 3/3
   157 | D:1      | Gained mutation: A weak demonic guardian rushes to your
                  | aid. [demonic ancestry]
   157 | D:1      | Reached XP level 2. HP: 19/19 MP: 0/5
   160 | D:1      | Learned a level 2 spell: Static Discharge
   952 | D:2      | Reached XP level 3. HP: 24/24 MP: 1/6
   956 | D:2      | Learned a level 3 spell: Swiftness
  1231 | D:2      | Noticed Jessica
  1234 | D:2      | Killed Jessica
  1490 | D:2      | Gained mutation: You are partially covered in icy blue
                  | scales. (AC +2) [demonic ancestry]
  1490 | D:2      | Reached XP level 4. HP: 30/30 MP: 2/7
  1595 | D:2      | Noticed Natasha
  1609 | D:2      | Killed Natasha
  1893 | D:2      | Noticed Natasha
  1899 | D:2      | Killed Natasha
  1908 | D:2      | Noticed Natasha
  1963 | D:2      | Killed Natasha
  1964 | D:2      | Reached skill level 5 in Conjurations
  1964 | D:2      | Gained mutation: Your demonic aura sometimes causes spilled
                  | blood to erupt in flames. [demonic ancestry]
  1964 | D:2      | Reached XP level 5. HP: 34/35 MP: 1/8
  2845 | D:3      | Identified the +8 rapier of the Fox {heavy, Stlth+}
  3430 | D:3      | Found a faded altar of an unknown god.
  3602 | D:3      | Gained mutation: You have large cloven feet. [demonic
                  | ancestry]
  3602 | D:3      | Reached XP level 6. HP: 41/41 MP: 7/9
  4046 | D:4      | Reached skill level 5 in Air Magic
  4427 | D:4      | Reached XP level 7. HP: 45/46 MP: 4/10
  4584 | D:4      | Found a shadowy altar of Dithmenos.
  4600 | D:4      | Noticed Pikel
  4624 | D:4      | Mangled by Pikel

Illustrated notes

Levels and vault maps discovered:
D:1:      wander_arrival_estate, layout_rooms, kennysheep_minor_cross,
          serial_park_tiny_2, minmay_hexomino_c4
D:2:      layout_basic, uniq_natasha, uniq_jessica
D:3:      layout_basic, hellmonk_ecumenical_altar_leap_of_faith,
          roderic_serpentine_path, st_stairs_14
D:4:      layout_cave_pods, mainiacjoe_overflow_swirl, kennysheep_orc_chapel,
          uniq_pikel, uniq_duvessa

Skill      XL: |  1  2  3  4  5  6 |
---------------+-------------------+-----
Conjurations   | 2 3 5 |  5.1
Air Magic      | 4 5 |  5.7
Dodging        | |  1.7
Stealth        | |  1.7
Spellcasting   | |  2.0

Action                     |  1- 3 |  4- 6 |  7- 9 || total
---------------------------+-------+-------+-------++-------
  Melee: Unarmed           |     7 |       |       ||     7
         Spear             |    12 |       |       ||    12
         Club              |       |     3 |       ||     3
         Rapier            |       |    14 |     3 ||    17
   Cast: Shock             |    68 |   106 |    10 ||   184
         Static Discharge  |       |     5 |     3 ||     8
    Use: Scroll            |       |     6 |       ||     6
         Potion            |       |       |     1 ||     1
   Stab: Distracted        |       |     1 |       ||     1
 Armour: Robe              |     6 |     9 |     4 ||    19
  Dodge: Dodged            |    20 |    21 |     4 ||    45

Table legend: (Time is in decaauts)
 A = Elapsed time spent in this place.
 B = Non-inter-level travel time spent in this place.
 C = Inter-level travel time spent in this place.
 D = Time resting spent in this place.
 E = Time spent auto-exploring this place.
 F = Levels seen in this place.
 G = Mean time per level.
                   A        B        C        D        E       F      G
               +--------+--------+--------+--------+--------+-----+--------+
         Total |   4636 |   4552 |     84 |     34 |   3985 |   4 | 1159.0 |
       Dungeon |   4636 |   4552 |     84 |     34 |   3985 |   4 | 1159.0 |
               +--------+--------+--------+--------+--------+-----+--------+

Top non-repeatable levels by time:
     D:2: 1902 daAuts
     D:3: 1121 daAuts
     D:1: 929 daAuts
     D:4: 683 daAuts
